[ AOE2 MATCH · #461909891 ]
UnrankedEthiopians vs Muisca
[ REPLAY ANALYSIS · EXTRACTED FROM THE RECORDED GAME ]
Feudal
9:58
Castle
25:45
Imperial
—
| APM avg | 55.8 |
| APM peak | 96 |
| eAPM avg | 24.5 |
| Villagers / military | 62 / 67 |
Focus
⚔️ 36.6% · 🌾 63.4%
Archer ×67
Feudal
11:12
Castle
26:36
Imperial
—
| APM avg | 56.8 |
| APM peak | 96 |
| eAPM avg | 28.8 |
| Villagers / military | 76 / 0 |
Focus
⚔️ 56.5% · 🌾 43.5%
Unknown (2550) ×108
Feudal
9:17
Castle
23:02
Imperial
—
| APM avg | 63.8 |
| APM peak | 140 |
| eAPM avg | 36.9 |
| Villagers / military | 105 / 88 |
Focus
⚔️ 54.2% · 🌾 45.8%
Archer ×84 · Spearman ×3 · Skirmisher ×1
Feudal
9:21
Castle
21:58
Imperial
—
| APM avg | 97.1 |
| APM peak | 163 |
| eAPM avg | 35.0 |
| Villagers / military | 115 / 106 |
Focus
⚔️ 25.7% · 🌾 74.3%
Archer ×105 · Spearman ×1
Feudal
9:16
Castle
22:32
Imperial
—
| APM avg | 53.8 |
| APM peak | 106 |
| eAPM avg | 22.3 |
| Villagers / military | 100 / 77 |
Focus
⚔️ 27.3% · 🌾 72.7%
Knight ×51 · Scout Cavalry ×21 · Spearman ×4 · Monk ×1
Feudal
9:23
Castle
27:32
Imperial
—
| APM avg | 73.5 |
| APM peak | 135 |
| eAPM avg | 26.7 |
| Villagers / military | 86 / 61 |
Focus
⚔️ 44.6% · 🌾 55.4%
Knight ×31 · Scout Cavalry ×30
Match map
Initial resources + every placement click. Lines = walls · curves = elevation contours. ◆ gold · ⬟ stone · ● berries · ✦ relic · ◌ wall gap
Your base· Open — unwalled flank
Biel's base· Open — 7t gap
[ARKP]Anthoxx's base· Open — unwalled flank
Fs.Sabor GG's base· Open — unwalled flank
helicol's base· Open — 7t gap
Fs.FASTURTLE's base· Open — unwalled flank
Smoothed initial terrain · ◌ = detected wall gap · hover for details
Inputs per minute
— Mooz - - Biel
Build order — Mooz
First 150 of 216 actions detected
| 0:01 | Queue | Villager (Male) |
| 0:01 | Queue | Villager (Male) |
| 0:02 | Build | House |
| 0:04 | Build | House |
| 0:04 | Build | House |
| 0:20 | Queue | Villager (Male) |
| 0:33 | Queue | Villager (Male) |
| 1:32 | Queue | Villager (Male) |
| 2:04 | Queue | Villager (Male) |
| 2:04 | Queue | Villager (Male) |
| 2:16 | Build | Lumber Camp |
| 2:16 | Queue | Villager (Male) |
| 2:28 | Queue | Villager (Male) |
| 2:29 | Queue | Villager (Male) |
| 2:55 | Queue | Villager (Male) |
| 2:55 | Queue | Villager (Male) |
| 3:28 | Queue | Villager (Male) |
| 3:58 | Queue | Villager (Male) |
| 3:59 | Queue | Villager (Male) |
| 4:11 | Build | House |
| 4:48 | Queue | Villager (Male) |
| 5:18 | Queue | Villager (Male) |
| 5:27 | Queue | Villager (Male) |
| 6:17 | Research | Loom |
| 6:19 | Build | Mining Camp |
| 6:23 | Build | Palisade Wall |
| 6:25 | Build | Palisade Wall |
| 6:54 | Build | Palisade Wall |
| 7:01 | Queue | Villager (Male) |
| 7:48 | Research | Feudal Age |
| 7:48 | Research | Feudal Age |
| 7:57 | Build | House |
| 8:37 | Build | Barracks |
| 9:43 | Queue | Villager (Male) |
| 9:58 | Age | Feudal Age |
| 10:02 | Build | Archery Range |
| 10:04 | Build | Archery Range |
| 10:08 | Build | Palisade Wall |
| 10:09 | Build | Palisade Wall |
| 10:17 | Queue | Villager (Male) |
| 10:52 | Build | Blacksmith |
| 10:53 | Queue | Villager (Male) |
| 11:02 | Queue | Archer |
| 11:03 | Queue | Archer |
| 11:18 | Queue | Villager (Male) |
| 11:21 | Queue | Archer |
| 11:21 | Queue | Archer |
| 11:41 | Queue | Archer |
| 11:41 | Queue | Archer |
| 12:15 | Build | House |
| 12:18 | Queue | Archer |
| 12:19 | Queue | Archer |
| 12:19 | Queue | Archer |
| 12:27 | Build | Mill |
| 12:39 | Queue | Archer |
| 12:40 | Queue | Archer |
| 12:47 | Queue | Villager (Male) |
| 12:52 | Research | Fletching |
| 12:57 | Queue | Archer |
| 12:57 | Queue | Archer |
| 13:11 | Queue | Archer |
| 13:11 | Queue | Archer |
| 13:16 | Build | Outpost |
| 13:19 | Build | Farm |
| 13:34 | Queue | Archer |
| 13:34 | Queue | Archer |
| 13:44 | Build | Palisade Wall |
| 13:46 | Build | Palisade Wall |
| 13:51 | Build | House |
| 13:56 | Queue | Archer |
| 13:56 | Queue | Archer |
| 14:29 | Queue | Archer |
| 14:29 | Queue | Archer |
| 14:46 | Queue | Villager (Male) |
| 14:46 | Queue | Villager (Male) |
| 14:51 | Queue | Archer |
| 14:51 | Queue | Archer |
| 14:57 | Build | House |
| 15:22 | Queue | Archer |
| 15:23 | Queue | Archer |
| 15:26 | Queue | Villager (Male) |
| 15:47 | Queue | Archer |
| 15:47 | Queue | Archer |
| 15:54 | Build | Farm |
| 16:03 | Queue | Villager (Male) |
| 16:22 | Queue | Archer |
| 16:40 | Build | Farm |
| 16:41 | Queue | Villager (Male) |
| 16:53 | Queue | Archer |
| 16:53 | Queue | Archer |
| 17:01 | Build | Farm |
| 17:02 | Build | Farm |
| 17:02 | Build | Farm |
| 17:03 | Build | Farm |
| 17:06 | Build | House |
| 17:17 | Queue | Villager (Male) |
| 17:21 | Build | House |
| 17:31 | Build | Farm |
| 17:32 | Queue | Villager (Male) |
| 17:50 | Queue | Villager (Male) |
| 17:57 | Queue | Archer |
| 18:15 | Build | Palisade Wall |
| 18:17 | Queue | Archer |
| 18:18 | Queue | Archer |
| 18:24 | Queue | Villager (Male) |
| 18:57 | Queue | Archer |
| 18:57 | Queue | Archer |
| 18:57 | Queue | Villager (Male) |
| 19:16 | Queue | Archer |
| 19:21 | Queue | Villager (Male) |
| 19:36 | Queue | Villager (Male) |
| 19:55 | Queue | Archer |
| 19:58 | Queue | Villager (Male) |
| 20:04 | Queue | Villager (Male) |
| 20:22 | Queue | Archer |
| 20:25 | Queue | Villager (Male) |
| 20:33 | Build | Palisade Wall |
| 20:35 | Build | Palisade Wall |
| 20:51 | Queue | Archer |
| 20:51 | Queue | Archer |
| 20:51 | Queue | Villager (Male) |
| 21:20 | Queue | Archer |
| 21:28 | Build | Farm |
| 21:33 | Build | House |
| 21:54 | Build | Lumber Camp |
| 21:56 | Queue | Archer |
| 21:56 | Queue | Archer |
| 22:00 | Queue | Villager (Male) |
| 22:14 | Build | Palisade Wall |
| 22:16 | Build | Palisade Wall |
| 22:19 | Build | Palisade Wall |
| 22:19 | Build | Palisade Wall |
| 22:24 | Queue | Villager (Male) |
| 22:52 | Queue | Archer |
| 22:58 | Build | House |
| 23:03 | Research | Castle Age |
| 23:35 | Build | Palisade Wall |
| 23:37 | Build | Palisade Wall |
| 23:37 | Build | Palisade Wall |
| 23:38 | Build | Palisade Wall |
| 23:38 | Build | Palisade Wall |
| 23:41 | Build | Palisade Wall |
| 23:46 | Build | Palisade Wall |
| 23:47 | Build | Palisade Wall |
| 23:48 | Build | Palisade Wall |
| 23:48 | Build | Palisade Wall |
| 23:49 | Build | Palisade Wall |
| 23:55 | Queue | Villager (Male) |
| 24:48 | Queue | Archer |
| 24:49 | Queue | Archer |
Build order — Biel
First 150 of 321 actions detected
| 0:01 | Queue | Villager (Male) |
| 0:02 | Build | House |
| 0:04 | Build | House |
| 0:09 | Queue | Villager (Male) |
| 0:11 | Queue | Villager (Male) |
| 0:12 | Queue | Villager (Male) |
| 1:36 | Queue | Villager (Male) |
| 2:02 | Queue | Villager (Male) |
| 2:02 | Queue | Villager (Male) |
| 2:12 | Build | Barracks |
| 2:28 | Queue | Villager (Male) |
| 2:58 | Queue | Villager (Male) |
| 2:58 | Queue | Villager (Male) |
| 3:14 | Queue | Unit 2550 |
| 3:22 | Queue | Villager (Male) |
| 3:22 | Queue | Villager (Male) |
| 3:46 | Queue | Villager (Male) |
| 4:02 | Queue | Unit 2550 |
| 4:07 | Build | House |
| 4:22 | Queue | Villager (Male) |
| 4:57 | Queue | Villager (Male) |
| 5:13 | Queue | Unit 2550 |
| 5:21 | Queue | Villager (Male) |
| 5:21 | Queue | Villager (Male) |
| 5:21 | Queue | Villager (Male) |
| 5:27 | Build | House |
| 6:00 | Build | Settlement |
| 6:08 | Build | Settlement |
| 6:11 | Queue | Villager (Male) |
| 6:19 | Build | House |
| 6:31 | Queue | Villager (Male) |
| 6:39 | Queue | Villager (Male) |
| 6:46 | Queue | Villager (Male) |
| 6:54 | Queue | Villager (Male) |
| 6:57 | Queue | Villager (Male) |
| 6:57 | Queue | Villager (Male) |
| 7:06 | Build | Palisade Wall |
| 7:08 | Build | House |
| 7:49 | Research | Loom |
| 7:49 | Research | Loom |
| 8:25 | Queue | Villager (Male) |
| 9:02 | Research | Feudal Age |
| 9:03 | Research | Feudal Age |
| 9:18 | Build | Settlement |
| 9:35 | Build | Farm |
| 9:37 | Build | Farm |
| 9:39 | Queue | Unit 2550 |
| 9:48 | Build | House |
| 10:12 | Queue | Unit 2550 |
| 10:12 | Queue | Unit 2550 |
| 10:22 | Build | Farm |
| 10:31 | Queue | Villager (Male) |
| 10:43 | Queue | Unit 2550 |
| 11:01 | Queue | Villager (Male) |
| 11:12 | Age | Feudal Age |
| 11:18 | Build | Blacksmith |
| 11:20 | Queue | Unit 2550 |
| 11:23 | Research | Tech 1402 |
| 11:36 | Research | Double-Bit Axe |
| 11:36 | Research | Double-Bit Axe |
| 11:52 | Queue | Villager (Male) |
| 11:53 | Queue | Villager (Male) |
| 12:12 | Build | Farm |
| 12:20 | Research | Scale Mail Armor |
| 12:22 | Queue | Villager (Male) |
| 12:32 | Build | Farm |
| 12:36 | Queue | Unit 2550 |
| 12:42 | Build | Farm |
| 12:45 | Queue | Villager (Male) |
| 13:03 | Queue | Villager (Male) |
| 13:04 | Build | Farm |
| 13:16 | Queue | Unit 2550 |
| 13:33 | Queue | Villager (Male) |
| 13:45 | Queue | Unit 2550 |
| 13:49 | Build | Settlement |
| 13:55 | Queue | Villager (Male) |
| 13:57 | Build | Farm |
| 14:01 | Build | House |
| 14:11 | Queue | Unit 2550 |
| 14:12 | Queue | Unit 2550 |
| 14:20 | Queue | Unit 2550 |
| 14:22 | Build | Outpost |
| 14:26 | Queue | Unit 2550 |
| 14:36 | Queue | Unit 2550 |
| 14:47 | Queue | Villager (Male) |
| 14:48 | Queue | Villager (Male) |
| 14:49 | Queue | Villager (Male) |
| 14:51 | Queue | Villager (Male) |
| 14:55 | Build | Barracks |
| 14:56 | Queue | Unit 2550 |
| 15:04 | Queue | Unit 2550 |
| 15:10 | Queue | Villager (Male) |
| 15:25 | Queue | Unit 2550 |
| 15:31 | Queue | Unit 2550 |
| 15:45 | Queue | Villager (Male) |
| 15:49 | Build | Barracks |
| 15:52 | Build | House |
| 15:54 | Build | House |
| 15:58 | Queue | Villager (Male) |
| 16:11 | Build | Watch Tower |
| 16:14 | Build | House |
| 16:15 | Build | Palisade Wall |
| 16:16 | Queue | Unit 2550 |
| 16:27 | Research | Forging |
| 16:27 | Research | Forging |
| 16:27 | Queue | Unit 2550 |
| 16:34 | Build | House |
| 16:35 | Build | House |
| 16:37 | Build | House |
| 16:43 | Queue | Villager (Male) |
| 16:48 | Queue | Unit 2550 |
| 16:48 | Queue | Unit 2550 |
| 16:58 | Build | Farm |
| 17:08 | Build | House |
| 17:11 | Build | Farm |
| 17:11 | Build | Farm |
| 17:15 | Queue | Villager (Male) |
| 17:18 | Queue | Villager (Male) |
| 17:28 | Build | Farm |
| 17:39 | Build | House |
| 17:42 | Build | House |
| 17:44 | Queue | Unit 2550 |
| 17:54 | Build | Farm |
| 18:02 | Queue | Villager (Male) |
| 18:06 | Build | Farm |
| 18:15 | Queue | Unit 2550 |
| 18:23 | Build | House |
| 18:25 | Build | House |
| 18:27 | Build | House |
| 18:30 | Queue | Villager (Male) |
| 18:39 | Queue | Unit 2550 |
| 18:41 | Build | House |
| 18:43 | Build | House |
| 19:00 | Queue | Villager (Male) |
| 19:02 | Build | Farm |
| 19:02 | Build | Farm |
| 19:11 | Queue | Villager (Male) |
| 19:14 | Build | Farm |
| 19:28 | Build | House |
| 19:38 | Queue | Villager (Male) |
| 19:48 | Queue | Unit 2550 |
| 19:49 | Build | Farm |
| 19:50 | Build | Farm |
| 19:56 | Build | Farm |
| 20:01 | Queue | Unit 2550 |
| 20:11 | Build | Palisade Wall |
| 20:14 | Queue | Villager (Male) |
| 20:16 | Build | Palisade Wall |
| 20:18 | Queue | Unit 2550 |
| 20:23 | Build | Farm |
Build order — [ARKP]Anthoxx
First 150 of 283 actions detected
| 0:02 | Queue | Villager (Male) |
| 0:02 | Queue | Villager (Male) |
| 0:02 | Queue | Villager (Male) |
| 0:03 | Build | House |
| 0:05 | Build | House |
| 0:36 | Queue | Villager (Male) |
| 0:37 | Queue | Villager (Male) |
| 0:37 | Queue | Villager (Male) |
| 0:37 | Queue | Villager (Male) |
| 1:35 | Queue | Villager (Male) |
| 2:51 | Queue | Villager (Male) |
| 2:51 | Queue | Villager (Male) |
| 2:51 | Queue | Villager (Male) |
| 3:52 | Build | House |
| 3:57 | Queue | Villager (Male) |
| 3:58 | Queue | Villager (Male) |
| 3:58 | Queue | Villager (Male) |
| 3:58 | Queue | Villager (Male) |
| 4:50 | Build | Lumber Camp |
| 5:20 | Queue | Villager (Male) |
| 5:20 | Queue | Villager (Male) |
| 5:20 | Queue | Villager (Male) |
| 5:21 | Queue | Villager (Male) |
| 5:24 | Research | Loom |
| 5:37 | Build | Mining Camp |
| 6:40 | Research | Feudal Age |
| 7:24 | Build | Barracks |
| 8:28 | Build | House |
| 9:12 | Queue | Villager (Male) |
| 9:17 | Age | Feudal Age |
| 9:18 | Build | Archery Range |
| 9:21 | Build | Archery Range |
| 9:27 | Queue | Villager (Male) |
| 9:30 | Queue | Spearman |
| 9:50 | Build | Mill |
| 10:02 | Queue | Villager (Male) |
| 10:02 | Queue | Villager (Male) |
| 10:06 | Build | Palisade Wall |
| 10:08 | Build | Palisade Wall |
| 10:09 | Build | Palisade Wall |
| 10:13 | Build | Palisade Wall |
| 10:13 | Build | Palisade Wall |
| 10:14 | Build | Palisade Wall |
| 10:15 | Build | Palisade Wall |
| 10:19 | Build | House |
| 10:22 | Queue | Archer |
| 10:22 | Queue | Archer |
| 10:37 | Queue | Villager (Male) |
| 10:37 | Queue | Villager (Male) |
| 10:56 | Queue | Archer |
| 10:56 | Queue | Archer |
| 11:12 | Queue | Spearman |
| 11:16 | Queue | Archer |
| 11:16 | Queue | Archer |
| 11:39 | Queue | Villager (Male) |
| 11:41 | Build | Blacksmith |
| 11:43 | Build | House |
| 11:53 | Queue | Villager (Male) |
| 12:09 | Queue | Archer |
| 12:09 | Queue | Archer |
| 12:29 | Queue | Villager (Male) |
| 12:35 | Build | House |
| 13:00 | Queue | Villager (Male) |
| 13:01 | Queue | Archer |
| 13:01 | Queue | Archer |
| 13:05 | Research | Fletching |
| 13:06 | Research | Fletching |
| 13:11 | Build | Farm |
| 13:15 | Build | House |
| 13:31 | Queue | Villager (Male) |
| 13:39 | Queue | Archer |
| 13:39 | Queue | Archer |
| 13:39 | Queue | Villager (Male) |
| 13:41 | Build | House |
| 14:07 | Queue | Villager (Male) |
| 14:09 | Build | Farm |
| 14:16 | Queue | Archer |
| 14:16 | Queue | Archer |
| 14:17 | Queue | Villager (Male) |
| 14:21 | Build | Farm |
| 14:57 | Queue | Archer |
| 14:58 | Queue | Villager (Male) |
| 15:04 | Build | Farm |
| 15:14 | Queue | Villager (Male) |
| 15:35 | Queue | Spearman |
| 15:37 | Queue | Archer |
| 15:37 | Queue | Archer |
| 15:41 | Build | House |
| 15:55 | Queue | Villager (Male) |
| 16:05 | Build | Farm |
| 16:27 | Queue | Villager (Male) |
| 16:28 | Queue | Archer |
| 16:28 | Queue | Archer |
| 16:57 | Queue | Villager (Male) |
| 16:58 | Queue | Archer |
| 16:58 | Queue | Archer |
| 16:59 | Queue | Villager (Male) |
| 17:08 | Queue | Villager (Male) |
| 17:12 | Build | Farm |
| 17:14 | Build | Farm |
| 17:16 | Build | Farm |
| 17:33 | Build | Farm |
| 17:35 | Build | Farm |
| 17:58 | Queue | Archer |
| 17:58 | Queue | Archer |
| 18:08 | Queue | Villager (Male) |
| 18:29 | Queue | Archer |
| 18:29 | Queue | Archer |
| 18:30 | Queue | Villager (Male) |
| 18:38 | Build | House |
| 18:59 | Build | House |
| 19:27 | Build | Palisade Wall |
| 19:32 | Queue | Villager (Male) |
| 19:33 | Queue | Villager (Male) |
| 20:22 | Research | Castle Age |
| 20:24 | Build | Lumber Camp |
| 20:37 | Build | Lumber Camp |
| 20:48 | Build | Farm |
| 20:57 | Queue | Archer |
| 20:58 | Queue | Archer |
| 21:00 | Queue | Archer |
| 21:00 | Queue | Archer |
| 21:07 | Build | Palisade Wall |
| 21:07 | Build | Palisade Wall |
| 21:12 | Build | Palisade Wall |
| 21:13 | Build | Palisade Wall |
| 21:14 | Build | Palisade Wall |
| 21:23 | Research | Horse Collar |
| 21:30 | Build | House |
| 21:58 | Build | Palisade Wall |
| 21:59 | Build | Palisade Wall |
| 22:01 | Build | House |
| 22:25 | Queue | Archer |
| 22:25 | Queue | Archer |
| 23:02 | Age | Castle Age |
| 23:02 | Research | Crossbowman (upgrade) |
| 23:03 | Research | Bodkin Arrow |
| 23:04 | Research | Bodkin Arrow |
| 23:05 | Queue | Archer |
| 23:05 | Queue | Archer |
| 23:06 | Queue | Villager (Male) |
| 23:06 | Queue | Villager (Male) |
| 23:09 | Queue | Villager (Male) |
| 23:32 | Build | University |
| 23:51 | Queue | Villager (Male) |
| 24:19 | Queue | Villager (Male) |
| 24:19 | Queue | Archer |
| 24:20 | Queue | Archer |
| 24:34 | Queue | Archer |
| 24:34 | Queue | Archer |
Build order — Fs.Sabor GG
First 150 of 321 actions detected
| 0:01 | Queue | Villager (Male) |
| 0:02 | Build | House |
| 0:03 | Build | House |
| 0:08 | Queue | Villager (Male) |
| 0:09 | Queue | Villager (Male) |
| 0:09 | Queue | Villager (Male) |
| 0:10 | Queue | Villager (Male) |
| 1:20 | Build | Lumber Camp |
| 1:25 | Queue | Villager (Male) |
| 1:25 | Queue | Villager (Male) |
| 2:00 | Queue | Villager (Male) |
| 2:00 | Queue | Villager (Male) |
| 2:25 | Queue | Villager (Male) |
| 2:25 | Queue | Villager (Male) |
| 2:52 | Queue | Villager (Male) |
| 2:52 | Queue | Villager (Male) |
| 3:10 | Queue | Villager (Male) |
| 3:10 | Queue | Villager (Male) |
| 3:42 | Queue | Villager (Male) |
| 3:42 | Queue | Villager (Male) |
| 3:44 | Queue | Villager (Male) |
| 4:17 | Build | House |
| 4:26 | Queue | Villager (Male) |
| 4:26 | Queue | Villager (Male) |
| 4:58 | Build | Mining Camp |
| 5:28 | Queue | Villager (Male) |
| 5:29 | Queue | Villager (Male) |
| 6:16 | Queue | Villager (Male) |
| 6:41 | Research | Loom |
| 6:41 | Research | Loom |
| 7:11 | Research | Feudal Age |
| 7:11 | Research | Feudal Age |
| 7:11 | Research | Feudal Age |
| 8:06 | Build | Barracks |
| 8:18 | Build | House |
| 8:19 | Build | Palisade Wall |
| 8:19 | Build | Palisade Wall |
| 8:51 | Build | Mill |
| 9:18 | Queue | Villager (Male) |
| 9:21 | Age | Feudal Age |
| 9:25 | Build | Archery Range |
| 9:26 | Build | Archery Range |
| 9:30 | Research | Double-Bit Axe |
| 9:30 | Research | Double-Bit Axe |
| 9:34 | Build | Mill |
| 9:46 | Queue | Villager (Male) |
| 9:46 | Queue | Villager (Male) |
| 10:00 | Build | Blacksmith |
| 10:18 | Queue | Villager (Male) |
| 10:18 | Queue | Villager (Male) |
| 10:22 | Queue | Archer |
| 10:22 | Queue | Archer |
| 10:45 | Queue | Archer |
| 10:46 | Queue | Archer |
| 10:46 | Queue | Archer |
| 10:53 | Queue | Villager (Male) |
| 10:53 | Queue | Villager (Male) |
| 10:56 | Build | House |
| 11:07 | Build | House |
| 11:30 | Queue | Archer |
| 11:30 | Queue | Archer |
| 11:31 | Queue | Villager (Male) |
| 11:31 | Queue | Villager (Male) |
| 11:43 | Research | Fletching |
| 11:43 | Research | Fletching |
| 11:43 | Research | Fletching |
| 11:54 | Build | Farm |
| 12:04 | Queue | Villager (Male) |
| 12:04 | Queue | Villager (Male) |
| 12:20 | Queue | Archer |
| 12:20 | Queue | Archer |
| 12:21 | Queue | Archer |
| 12:27 | Queue | Villager (Male) |
| 12:30 | Build | Farm |
| 12:31 | Build | Farm |
| 12:34 | Build | Farm |
| 12:39 | Queue | Archer |
| 12:39 | Queue | Archer |
| 12:51 | Queue | Villager (Male) |
| 12:57 | Build | House |
| 12:58 | Build | House |
| 13:04 | Queue | Archer |
| 13:04 | Queue | Archer |
| 13:36 | Queue | Archer |
| 13:36 | Queue | Archer |
| 13:36 | Queue | Villager (Male) |
| 13:38 | Build | Farm |
| 14:05 | Queue | Archer |
| 14:06 | Queue | Villager (Male) |
| 14:06 | Queue | Villager (Male) |
| 14:08 | Build | Farm |
| 14:12 | Build | House |
| 14:29 | Queue | Archer |
| 14:29 | Queue | Archer |
| 14:31 | Queue | Villager (Male) |
| 14:32 | Queue | Villager (Male) |
| 14:32 | Queue | Villager (Male) |
| 14:36 | Build | Farm |
| 14:37 | Build | Farm |
| 14:37 | Build | Farm |
| 14:37 | Build | Farm |
| 14:42 | Queue | Archer |
| 14:43 | Queue | Archer |
| 14:43 | Queue | Archer |
| 14:57 | Queue | Villager (Male) |
| 14:58 | Build | Farm |
| 15:03 | Queue | Villager (Male) |
| 15:16 | Queue | Archer |
| 15:30 | Queue | Archer |
| 15:30 | Queue | Archer |
| 16:08 | Queue | Archer |
| 16:08 | Queue | Archer |
| 16:59 | Queue | Archer |
| 17:00 | Queue | Archer |
| 17:00 | Queue | Villager (Male) |
| 17:03 | Build | Farm |
| 17:04 | Build | Farm |
| 17:08 | Queue | Villager (Male) |
| 17:09 | Queue | Villager (Male) |
| 17:09 | Queue | Villager (Male) |
| 17:19 | Build | House |
| 17:21 | Build | House |
| 17:27 | Queue | Archer |
| 17:28 | Queue | Archer |
| 17:33 | Build | House |
| 17:42 | Queue | Archer |
| 17:42 | Queue | Archer |
| 17:42 | Queue | Archer |
| 17:46 | Queue | Villager (Male) |
| 17:58 | Queue | Archer |
| 17:58 | Queue | Archer |
| 18:17 | Queue | Archer |
| 18:17 | Queue | Archer |
| 18:17 | Queue | Archer |
| 18:53 | Build | House |
| 18:55 | Build | House |
| 18:57 | Build | House |
| 18:59 | Build | Palisade Wall |
| 19:03 | Build | House |
| 19:09 | Build | Palisade Wall |
| 19:18 | Research | Castle Age |
| 19:18 | Research | Castle Age |
| 19:20 | Queue | Archer |
| 19:31 | Build | Farm |
| 19:35 | Queue | Archer |
| 19:35 | Queue | Archer |
| 20:01 | Queue | Archer |
| 20:01 | Queue | Archer |
| 20:32 | Queue | Archer |
| 20:32 | Queue | Archer |
Build order — helicol
First 150 of 289 actions detected
| 0:01 | Queue | Villager (Male) |
| 0:01 | Queue | Villager (Male) |
| 0:02 | Build | House |
| 0:05 | Build | House |
| 0:08 | Queue | Villager (Male) |
| 0:09 | Queue | Villager (Male) |
| 1:25 | Queue | Villager (Male) |
| 1:57 | Build | Lumber Camp |
| 2:04 | Queue | Villager (Male) |
| 2:21 | Queue | Villager (Male) |
| 2:40 | Queue | Villager (Male) |
| 3:03 | Queue | Villager (Male) |
| 3:37 | Queue | Villager (Male) |
| 3:37 | Queue | Villager (Male) |
| 3:56 | Build | House |
| 4:02 | Build | House |
| 4:03 | Build | House |
| 4:09 | Queue | Villager (Male) |
| 4:09 | Queue | Villager (Male) |
| 4:22 | Queue | Villager (Male) |
| 4:43 | Build | Mill |
| 4:52 | Queue | Villager (Male) |
| 5:17 | Queue | Villager (Male) |
| 5:44 | Queue | Villager (Male) |
| 5:52 | Queue | Villager (Male) |
| 6:32 | Queue | Villager (Male) |
| 6:35 | Research | Loom |
| 7:04 | Research | Feudal Age |
| 7:05 | Research | Feudal Age |
| 7:58 | Build | Barracks |
| 8:32 | Queue | Villager (Male) |
| 9:16 | Age | Feudal Age |
| 9:18 | Build | Stable |
| 9:21 | Queue | Villager (Male) |
| 9:37 | Research | Double-Bit Axe |
| 9:48 | Queue | Villager (Male) |
| 9:51 | Research | Horse Collar |
| 9:53 | Build | Farm |
| 10:00 | Build | House |
| 10:15 | Queue | Scout Cavalry |
| 10:15 | Queue | Scout Cavalry |
| 10:19 | Build | Farm |
| 10:35 | Queue | Villager (Male) |
| 10:46 | Build | Farm |
| 10:47 | Queue | Villager (Male) |
| 10:54 | Queue | Scout Cavalry |
| 11:04 | Build | Farm |
| 11:23 | Queue | Villager (Male) |
| 11:28 | Build | Farm |
| 11:32 | Build | Farm |
| 11:34 | Queue | Villager (Male) |
| 11:47 | Queue | Scout Cavalry |
| 12:04 | Queue | Villager (Male) |
| 12:14 | Queue | Scout Cavalry |
| 12:14 | Queue | Scout Cavalry |
| 12:18 | Build | House |
| 12:22 | Research | Town Watch |
| 12:32 | Build | Farm |
| 12:33 | Build | Farm |
| 12:42 | Queue | Scout Cavalry |
| 12:47 | Build | Farm |
| 12:49 | Build | Farm |
| 12:58 | Build | Farm |
| 13:02 | Queue | Villager (Male) |
| 13:33 | Queue | Villager (Male) |
| 13:41 | Queue | Spearman |
| 13:46 | Queue | Scout Cavalry |
| 13:47 | Queue | Scout Cavalry |
| 13:55 | Build | House |
| 14:09 | Queue | Villager (Male) |
| 14:11 | Build | Farm |
| 14:12 | Build | Farm |
| 14:13 | Build | Farm |
| 14:20 | Queue | Scout Cavalry |
| 14:25 | Build | House |
| 14:26 | Build | House |
| 14:31 | Queue | Villager (Male) |
| 14:36 | Build | House |
| 14:38 | Build | Palisade Wall |
| 14:54 | Queue | Villager (Male) |
| 15:07 | Queue | Scout Cavalry |
| 15:09 | Build | Blacksmith |
| 15:13 | Queue | Villager (Male) |
| 15:34 | Queue | Spearman |
| 15:40 | Queue | Scout Cavalry |
| 15:47 | Research | Scale Barding Armor |
| 16:07 | Queue | Villager (Male) |
| 16:26 | Queue | Villager (Male) |
| 16:35 | Queue | Villager (Male) |
| 16:41 | Build | House |
| 16:42 | Build | House |
| 16:46 | Queue | Villager (Male) |
| 17:10 | Queue | Scout Cavalry |
| 17:10 | Queue | Scout Cavalry |
| 17:12 | Build | Lumber Camp |
| 17:14 | Build | Mining Camp |
| 17:16 | Build | House |
| 17:34 | Queue | Villager (Male) |
| 17:41 | Build | Palisade Wall |
| 18:01 | Queue | Villager (Male) |
| 18:10 | Build | Market |
| 18:17 | Build | Market |
| 18:23 | Queue | Villager (Male) |
| 18:33 | Queue | Villager (Male) |
| 18:37 | Build | Palisade Wall |
| 18:58 | Build | Lumber Camp |
| 19:15 | Queue | Villager (Male) |
| 19:31 | Build | House |
| 19:33 | Build | House |
| 19:46 | Research | Castle Age |
| 19:56 | Build | Stable |
| 20:11 | Queue | Scout Cavalry |
| 20:11 | Queue | Scout Cavalry |
| 20:20 | Research | Forging |
| 20:41 | Queue | Villager (Male) |
| 20:50 | Build | Farm |
| 20:56 | Build | Lumber Camp |
| 21:01 | Queue | Scout Cavalry |
| 21:07 | Build | Farm |
| 21:08 | Build | Farm |
| 21:08 | Build | Farm |
| 21:10 | Build | Farm |
| 21:11 | Queue | Villager (Male) |
| 21:31 | Queue | Scout Cavalry |
| 21:38 | Queue | Scout Cavalry |
| 21:45 | Build | Farm |
| 21:55 | Queue | Spearman |
| 21:55 | Queue | Spearman |
| 22:27 | Build | House |
| 22:30 | Build | House |
| 22:32 | Age | Castle Age |
| 22:35 | Queue | Knight |
| 22:35 | Queue | Knight |
| 22:39 | Build | Palisade Wall |
| 22:46 | Build | Palisade Wall |
| 22:49 | Queue | Knight |
| 22:49 | Queue | Knight |
| 22:58 | Queue | Villager (Male) |
| 23:25 | Queue | Villager (Male) |
| 23:29 | Build | Town Center |
| 23:34 | Queue | Villager (Male) |
| 23:51 | Queue | Knight |
| 23:51 | Queue | Knight |
| 23:51 | Queue | Knight |
| 23:55 | Queue | Villager (Male) |
| 24:16 | Queue | Villager (Male) |
| 24:16 | Queue | Villager (Male) |
| 24:18 | Queue | Knight |
| 24:18 | Queue | Knight |
| 24:18 | Queue | Knight |
Build order — Fs.FASTURTLE
First 150 of 253 actions detected
| 0:02 | Queue | Villager (Male) |
| 0:02 | Queue | Villager (Male) |
| 0:02 | Queue | Villager (Male) |
| 0:04 | Build | House |
| 0:05 | Build | House |
| 0:10 | Queue | Villager (Male) |
| 1:33 | Queue | Villager (Male) |
| 1:57 | Build | Lumber Camp |
| 2:03 | Queue | Villager (Male) |
| 2:03 | Queue | Villager (Male) |
| 2:28 | Queue | Villager (Male) |
| 2:28 | Queue | Villager (Male) |
| 2:42 | Queue | Villager (Male) |
| 3:03 | Queue | Villager (Male) |
| 3:03 | Queue | Villager (Male) |
| 3:29 | Queue | Villager (Male) |
| 3:29 | Queue | Villager (Male) |
| 3:42 | Build | House |
| 3:45 | Queue | Villager (Male) |
| 3:46 | Queue | Villager (Male) |
| 3:55 | Queue | Villager (Male) |
| 3:55 | Queue | Villager (Male) |
| 4:36 | Queue | Villager (Male) |
| 5:09 | Queue | Villager (Male) |
| 5:12 | Queue | Villager (Male) |
| 5:36 | Build | Mining Camp |
| 5:51 | Build | Mill |
| 5:57 | Queue | Villager (Male) |
| 6:26 | Research | Loom |
| 7:13 | Research | Feudal Age |
| 7:13 | Research | Feudal Age |
| 7:37 | Queue | Villager (Male) |
| 8:54 | Queue | Villager (Male) |
| 8:57 | Build | Barracks |
| 8:59 | Build | House |
| 9:23 | Age | Feudal Age |
| 9:37 | Build | Stable |
| 9:47 | Queue | Villager (Male) |
| 9:50 | Research | Double-Bit Axe |
| 9:59 | Build | Farm |
| 10:16 | Queue | Scout Cavalry |
| 10:16 | Queue | Scout Cavalry |
| 10:17 | Queue | Villager (Male) |
| 10:23 | Build | Farm |
| 10:37 | Build | Farm |
| 10:54 | Build | Farm |
| 10:56 | Queue | Villager (Male) |
| 11:00 | Build | House |
| 11:31 | Queue | Scout Cavalry |
| 11:31 | Queue | Villager (Male) |
| 11:40 | Queue | Scout Cavalry |
| 11:42 | Build | Farm |
| 11:43 | Build | Farm |
| 11:44 | Build | Farm |
| 11:47 | Build | Farm |
| 12:02 | Queue | Scout Cavalry |
| 12:04 | Queue | Villager (Male) |
| 12:05 | Queue | Villager (Male) |
| 12:06 | Build | Farm |
| 12:14 | Build | Farm |
| 12:18 | Queue | Villager (Male) |
| 12:19 | Queue | Villager (Male) |
| 12:35 | Build | House |
| 12:41 | Research | Town Watch |
| 12:45 | Queue | Villager (Male) |
| 12:58 | Queue | Scout Cavalry |
| 13:04 | Build | Farm |
| 13:13 | Build | Farm |
| 13:24 | Queue | Villager (Male) |
| 13:34 | Queue | Villager (Male) |
| 13:37 | Build | House |
| 13:44 | Build | Blacksmith |
| 13:49 | Build | Farm |
| 13:51 | Queue | Scout Cavalry |
| 13:51 | Queue | Scout Cavalry |
| 14:09 | Build | Farm |
| 14:13 | Queue | Villager (Male) |
| 14:28 | Queue | Scout Cavalry |
| 14:29 | Queue | Villager (Male) |
| 14:30 | Build | Farm |
| 14:33 | Build | Farm |
| 14:40 | Build | House |
| 14:49 | Queue | Scout Cavalry |
| 14:53 | Queue | Villager (Male) |
| 14:57 | Build | Farm |
| 15:09 | Build | House |
| 15:30 | Queue | Scout Cavalry |
| 15:30 | Queue | Villager (Male) |
| 15:38 | Queue | Villager (Male) |
| 15:44 | Build | Farm |
| 15:46 | Build | House |
| 15:48 | Build | Palisade Gate |
| 15:56 | Research | Scale Barding Armor |
| 15:56 | Research | Scale Barding Armor |
| 15:57 | Queue | Villager (Male) |
| 16:06 | Queue | Scout Cavalry |
| 16:06 | Queue | Scout Cavalry |
| 16:13 | Build | Watch Tower |
| 16:23 | Queue | Villager (Male) |
| 17:06 | Queue | Villager (Male) |
| 17:07 | Queue | Scout Cavalry |
| 17:23 | Queue | Villager (Male) |
| 17:28 | Build | Farm |
| 17:31 | Build | Mining Camp |
| 17:33 | Queue | Villager (Male) |
| 17:47 | Research | Forging |
| 17:47 | Research | Forging |
| 17:49 | Queue | Scout Cavalry |
| 17:49 | Queue | Scout Cavalry |
| 17:52 | Build | House |
| 17:53 | Build | Palisade Wall |
| 18:06 | Queue | Villager (Male) |
| 18:16 | Queue | Scout Cavalry |
| 18:17 | Queue | Scout Cavalry |
| 18:24 | Build | House |
| 18:27 | Build | Palisade Wall |
| 18:34 | Queue | Scout Cavalry |
| 18:36 | Build | Farm |
| 18:39 | Build | Farm |
| 18:39 | Queue | Villager (Male) |
| 18:40 | Queue | Villager (Male) |
| 19:16 | Queue | Scout Cavalry |
| 19:16 | Queue | Villager (Male) |
| 19:21 | Build | House |
| 19:21 | Build | House |
| 19:35 | Research | Horse Collar |
| 19:35 | Research | Horse Collar |
| 19:36 | Queue | Villager (Male) |
| 19:51 | Queue | Scout Cavalry |
| 19:51 | Queue | Villager (Male) |
| 20:17 | Queue | Scout Cavalry |
| 20:17 | Queue | Villager (Male) |
| 20:22 | Build | Farm |
| 20:23 | Build | Farm |
| 20:29 | Build | Palisade Wall |
| 20:29 | Build | Palisade Wall |
| 20:36 | Research | Bloodlines |
| 20:37 | Research | Bloodlines |
| 20:41 | Build | Palisade Wall |
| 20:43 | Build | Palisade Wall |
| 20:45 | Build | Farm |
| 20:46 | Build | Farm |
| 20:48 | Queue | Villager (Male) |
| 21:16 | Queue | Villager (Male) |
| 21:28 | Build | Lumber Camp |
| 21:30 | Queue | Villager (Male) |
| 21:43 | Queue | Scout Cavalry |
| 21:50 | Build | Farm |
| 21:53 | Queue | Villager (Male) |
| 21:57 | Build | Watch Tower |
Match timeline
| 2:12 | Biel · first_building Barracks |
| 6:23 | Mooz · wall_segment Palisade Wall x1 |
| 6:25 | Mooz · wall_segment Palisade Wall x1 |
| 6:54 | Mooz · wall_segment Palisade Wall x1 |
| 7:06 | Biel · wall_segment Palisade Wall x1 |
| 7:24 | [ARKP]Anthoxx · first_building Barracks |
| 7:58 | helicol · first_building Barracks |
| 8:06 | Fs.Sabor GG · first_building Barracks |
| 8:19 | Fs.Sabor GG · wall_segment Palisade Wall x1 |
| 8:19 | Fs.Sabor GG · wall_segment Palisade Wall x1 |
| 8:37 | Mooz · first_building Barracks |
| 8:57 | Fs.FASTURTLE · first_building Barracks |
| 9:16 | helicol · age_up feudal |
| 9:17 | [ARKP]Anthoxx · age_up feudal |
| 9:18 | helicol · first_building Stable |
| 9:18 | [ARKP]Anthoxx · first_building Archery Range |
| 9:21 | Fs.Sabor GG · age_up feudal |
| 9:23 | Fs.FASTURTLE · age_up feudal |
| 9:25 | Fs.Sabor GG · first_building Archery Range |
| 9:37 | Fs.FASTURTLE · first_building Stable |
| 9:58 | Mooz · age_up feudal |
| 10:02 | Mooz · first_building Archery Range |
| 10:06 | [ARKP]Anthoxx · wall_segment Palisade Wall x1 |
| 10:08 | Mooz · wall_segment Palisade Wall x1 |
| 10:08 | [ARKP]Anthoxx · wall_segment Palisade Wall x1 |
| 10:09 | [ARKP]Anthoxx · wall_segment Palisade Wall x1 |
| 10:09 | Mooz · wall_segment Palisade Wall x1 |
| 10:13 | [ARKP]Anthoxx · wall_segment Palisade Wall x1 |
| 10:13 | [ARKP]Anthoxx · wall_segment Palisade Wall x1 |
| 10:14 | [ARKP]Anthoxx · wall_segment Palisade Wall x1 |
| 10:15 | [ARKP]Anthoxx · wall_segment Palisade Wall x1 |
| 11:12 | Biel · age_up feudal |
| 13:44 | Mooz · wall_segment Palisade Wall x1 |
| 13:46 | Mooz · wall_segment Palisade Wall x1 |
| 14:38 | helicol · wall_segment Palisade Wall x1 |
| 16:15 | Biel · wall_segment Palisade Wall x1 |
| 17:41 | helicol · wall_segment Palisade Wall x1 |
| 17:53 | Fs.FASTURTLE · wall_segment Palisade Wall x4 |
| 18:15 | Mooz · wall_segment Palisade Wall x1 |
| 18:27 | Fs.FASTURTLE · wall_segment Palisade Wall x1 |
| 18:37 | helicol · wall_segment Palisade Wall x1 |
| 18:59 | Fs.Sabor GG · wall_segment Palisade Wall x1 |
| 19:09 | Fs.Sabor GG · wall_segment Palisade Wall x1 |
| 19:27 | [ARKP]Anthoxx · wall_segment Palisade Wall x1 |
| 19:37 | helicol · first_market_buy 100 food |
| 19:40 | helicol · first_market_sell 100 wood |
| 20:11 | Biel · wall_segment Palisade Wall x2 |
| 20:16 | Biel · wall_segment Palisade Wall x1 |
| 20:29 | Fs.FASTURTLE · wall_segment Palisade Wall x1 |
| 20:29 | Fs.FASTURTLE · wall_segment Palisade Wall x1 |
| 20:33 | Mooz · wall_segment Palisade Wall x1 |
| 20:35 | Mooz · wall_segment Palisade Wall x1 |
| 20:41 | Fs.FASTURTLE · wall_segment Palisade Wall x1 |
| 20:43 | Fs.FASTURTLE · wall_segment Palisade Wall x4 |
| 20:53 | Biel · wall_segment Palisade Wall x1 |
| 21:05 | Fs.Sabor GG · wall_segment Palisade Wall x1 |
| 21:07 | [ARKP]Anthoxx · wall_segment Palisade Wall x1 |
| 21:07 | [ARKP]Anthoxx · wall_segment Palisade Wall x1 |
| 21:12 | [ARKP]Anthoxx · wall_segment Palisade Wall x1 |
| 21:13 | [ARKP]Anthoxx · wall_segment Palisade Wall x1 |
| 21:14 | [ARKP]Anthoxx · wall_segment Palisade Wall x1 |
| 21:58 | Fs.Sabor GG · age_up castle |
| 21:58 | [ARKP]Anthoxx · wall_segment Palisade Wall x1 |
| 21:59 | [ARKP]Anthoxx · wall_segment Palisade Wall x1 |
| 22:14 | Mooz · wall_segment Palisade Wall x1 |
| 22:16 | Mooz · wall_segment Palisade Wall x1 |
| 22:19 | Mooz · wall_segment Palisade Wall x1 |
| 22:19 | Mooz · wall_segment Palisade Wall x1 |
| 22:32 | helicol · age_up castle |
| 22:39 | helicol · wall_segment Palisade Wall x1 |
| 22:46 | helicol · wall_segment Palisade Wall x1 |
| 23:02 | [ARKP]Anthoxx · age_up castle |
| 23:35 | Mooz · wall_segment Palisade Wall x1 |
| 23:37 | Mooz · wall_segment Palisade Wall x1 |
| 23:37 | Mooz · wall_segment Palisade Wall x1 |
| 23:38 | Mooz · wall_segment Palisade Wall x1 |
| 23:38 | Mooz · wall_segment Palisade Wall x1 |
| 23:41 | Mooz · wall_segment Palisade Wall x1 |
| 23:46 | Mooz · wall_segment Palisade Wall x1 |
| 23:47 | Mooz · wall_segment Palisade Wall x1 |
| 23:48 | Mooz · wall_segment Palisade Wall x1 |
| 23:48 | Mooz · wall_segment Palisade Wall x1 |
| 23:49 | Mooz · wall_segment Palisade Wall x1 |
| 23:56 | Biel · first_market_buy 100 food |
| 24:23 | Fs.FASTURTLE · first_market_buy 500 food |
| 24:41 | Fs.FASTURTLE · first_market_sell 100 wood |
| 25:45 | Mooz · age_up castle |
| 25:49 | Fs.FASTURTLE · wall_segment Palisade Wall x4 |
| 25:51 | Biel · wall_segment Palisade Wall x2 |
| 25:53 | Fs.FASTURTLE · wall_segment Palisade Wall x5 |
| 26:28 | Biel · wall_segment Palisade Wall x1 |
| 26:35 | Mooz · wall_segment Palisade Wall x1 |
| 26:36 | Biel · age_up castle |
| 26:39 | Mooz · wall_segment Palisade Wall x6 |
| 26:44 | Biel · wall_segment Palisade Wall x1 |
| 27:32 | Fs.FASTURTLE · age_up castle |
| 28:58 | helicol · first_building Monastery |
| 31:49 | Mooz · first_market_buy 100 wood |
| 33:56 | helicol · first_building Siege Workshop |
| 35:01 | helicol · resign |
[ AI ANALYSIS · 1 CREDIT ]
What really happened in this match?
Wolo.gg analyzes every decision: build order, eco, micro, common mistakes by bracket. Personalized analysis on WhatsApp or Discord in 30 seconds.
Civ guide
Ethiopians
Perfil
Jugador #453413